 Dungeon Crawl Stone Soup version 0.31-a0-986-g5e6e4ef867 (webtiles) character file.

Game seed: 10740891430929521610

59 avis the Ducker (level 3, -1/16 HPs)
             Began as a Felid Artificer on Nov 7, 2023.
             Slain by an iguana (5 damage)
             ... on level 5 of the Dungeon.
             The game lasted 00:09:39 (2010 turns).

avis the Ducker (Felid Artificer)                   Turns: 2010, Time: 00:09:40

Health: -1/16      AC:  1    Str: 10    XL:     3   Next: 78%
Magic:  4/4        EV: 18    Int: 12    God:
Gold:   76         SH:  0    Dex: 16    Spells: 2/2 levels left
                                        Lives:  0   Deaths: 1

rFire   . .          .
                       - Unarmed
rCold   . . .        (shield unavailable)
rNeg    . . .        (body armour unavailable)
rPois   .            (helmet unavailable)
rElec   .            (cloak unavailable)
rCorr   .            (gloves unavailable)
SInv    +            (boots unavailable)
Will    .....        (no amulet)
Stlth   ++           (no ring)
HPRegen 0.22/turn    (no ring)
MPRegen 0.09/turn

%: no passive effects
@: quick
A: very small, claws 1, fangs 3, see invisible, speed 1, shaggy fur 1, stealthy
paws, no weapons or thrown items, no armour, multi-lived
a: no special abilities


You were on level 5 of the Dungeon.
You visited 1 branch of the dungeon, and saw 5 of its levels.

You collected 76 gold pieces.

Inventory:

Wands
 a - a wand of flame (15) (quivered)
 b - a wand of charming (15)
 c - a wand of iceblast (5)
Scrolls
 d - 2 scrolls of teleportation {unknown}
 f - a scroll of enchant weapon {unknown}
 g - a scroll of fog {unknown}
Potions
 e - a potion of heal wounds {unknown}
 h - a potion of curing {unknown}
 i - 2 potions of mutation {unknown}


   Skills:
 * Level 2.4 Fighting
 - Level 4.0 Dodging
 - Level 1.3 Stealth
 - Level 2.0 Unarmed Combat
 - Level 3.2 Evocations


You had 2 spell levels left.
You didn't know any spells.
Your spell library was empty.

Dungeon Overview and Level Annotations

Branches:
Dungeon (6/15)
 Temple: D:4-7

Altars:
Cheibriados
Qazlal


Innate Abilities, Weirdness & Mutations

You have sharp claws.
You have razor-sharp teeth.
You have supernaturally acute eyesight. (SInv)
You cover ground quickly. (Speed+)
You are covered in fur. (AC +1)
Your paws help you pounce on unaware monsters.
You are incapable of wielding weapons or throwing items.
You cannot wear armour.
You gain extra lives every three experience levels.


Message History

The white imp hits you.
* * * LOW HITPOINT WARNING * * *
The white imp freezes you.
You die...
You rejoin the land of the living...
Found a scroll labelled GYER LEIFISA.
Found an escape hatch in the ceiling.
There is an escape hatch in the ceiling here.
A mysterious force pulls you upwards. The hatch slams shut behind you.
The iguana completely misses you.
You closely miss the iguana. You bite the iguana, but do no damage.
The iguana bites you.
You completely miss the iguana. The iguana bites you.
You scratch the iguana.
The iguana is lightly wounded.
The iguana closely misses you.
You closely miss the iguana. Your bite misses the iguana.
The iguana is lightly wounded.
The iguana misses you.
You closely miss the iguana.
The iguana is lightly wounded.
The iguana bites you.
You scratch the iguana but do no damage.
The iguana is lightly wounded.
The iguana barely misses you.
You barely miss the iguana. You bite the iguana.
The iguana is lightly wounded.
The iguana misses you.
You scratch the iguana but do no damage.
The iguana is lightly wounded.
The iguana bites you.
* * * LOW HITPOINT WARNING * * *
You scratch the iguana but do no damage.
Your bite misses the iguana.
The iguana is lightly wounded.
The iguana closely misses you.
You scratch the iguana but do no damage.
You bite the iguana, but do no damage.
The iguana is lightly wounded.
The iguana bites you.
You die...

#+ #.
#######
#.###.....
#.......#
#.......#
#.......#
#....@l.+
#.......#
#.......###
#.......#
#.......#
#.......#
#.......#
#.......#


You could see an iguana.

Vanquished Creatures
  A dart slug (D:1)
  An orc (D:3)
  3 ball pythons
  5 bats
  3 endoplasms
  3 giant cockroaches
  5 goblins
  5 hobgoblins
  4 jackals (D:1)
  2 quokkas
  3 frilled lizards
  5 kobolds
  10 rats
50 creatures vanquished.

Notes
Turn   | Place    | Note
-------+----------+-------------------------------------------
     0 | D:1      | avis the Felid Artificer began the quest for the Orb.
     0 | D:1      | Reached XP level 1. HP: 9/9 MP: 2/2
   172 | D:1      | Reached XP level 2. HP: 9/13 MP: 3/3
   478 | D:1      | Reached skill level 4 in Dodging
   619 | D:1      | Reached skill level 1 in Unarmed Combat
   668 | D:1      | Reached XP level 3. HP: 16/16 MP: 4/4
  1983 | D:3      | You fall into a shaft and drop 3 floors!
  1983 | D:6      | Found a stormy altar of Qazlal.
  1988 | D:6      | Found a snail-covered altar of Cheibriados.
  1990 | D:6      | Noticed a scorpion
  1992 | D:6      | Slain by a white imp
  1998 | D:5      | Entered Level 5 of the Dungeon
  2010 | D:5      | Slain by an iguana

Illustrated notes

Levels and vault maps discovered:
D:1:      dpeg_arrival_pond, layout_loops_cross, st_stairs_6
D:2:      layout_loops_ring
D:3:      layout_basic, ebering_ecumenical_altar_box, uniq_sigmund
D:5:      minmay_bubble_buster, layout_basic, nicolae_uskayaw_en_pointe,
          ebering_ghost_sewer_d, serial_shops, shop, minmay_chambers_of_fives,
          uniq_ijyb, uniq_pikel
D:6:      layout_basic, grunt_temple_overflow_open,
          mainiacjoe_overflow_surrounded_room

Skill      XL: |  1  2  3 |
---------------+----------+-----
Fighting       | 2 |  2.4
Dodging        | 4 |  4.0
Unarmed Combat | 1 2 |  2.0
Stealth        | |  1.3
Evocations     | |  3.2

Action                     || total
---------------------------++-------
  Melee: Unarmed           ||   185
         Bite              ||    16
         Punch             ||     3
   Stab: Sleeping          ||     7
 Armour: Skin              ||    52
  Dodge: Dodged            ||   124

Table legend: (Time is in decaauts)
 A = Elapsed time spent in this place.
 B = Non-inter-level travel time spent in this place.
 C = Inter-level travel time spent in this place.
 D = Time resting spent in this place.
 E = Time spent auto-exploring this place.
 F = Levels seen in this place.
 G = Mean time per level.
                   A        B        C        D        E       F      G
               +--------+--------+--------+--------+--------+-----+--------+
         Total |   1707 |   1483 |    224 |    222 |    733 |   5 |  341.4 |
       Dungeon |   1707 |   1483 |    224 |    222 |    733 |   5 |  341.4 |
               +--------+--------+--------+--------+--------+-----+--------+

Top non-repeatable levels by time:
     D:1: 795 daAuts
     D:2: 761 daAuts
     D:3: 127 daAuts
     D:6: 12 daAuts
     D:5: 11 daAuts
